 Dungeon Crawl Stone Soup version 0.22-a0-197-g4ac3794 (webtiles) character file.

35 reaverb the Cudgeler (level 3, 0/31 HPs)
             Began as a Draconian Berserker on Feb 18, 2018.
             Was a Follower of Trog.
             Slain by an adder (4 damage)
             ... on level 2 of the Dungeon.
             The game lasted 00:00:40 (1003 turns).

reaverb the Cudgeler (Draconian Berserker)          Turns: 1003, Time: 00:00:40

Health: 0/31       AC:  5    Str: 24    XL:     3   Next: 17%
Magic:  3/3        EV: 12    Int:  5    God:    Trog [*.....]
Gold:   66         SH:  0    Dex: 11    Spells: 2/2 levels left

rFire    . . .     SeeInvis .   a - +0 mace
rCold    . . .     Gourm    .   (no shield)
rNeg     . . .     Faith    .   (armour unavailable)
rPois    .         Spirit   .   (helmet restricted)
rElec    .         Reflect  .   (no cloak)
rCorr    .         Harm     .   (no gloves)
MR       .....                  (no boots)
Stlth    +.........             (no amulet)
HPRegen  0.10/turn              (no ring)
MPRegen  0.08/turn              (no ring)

@: mighty, lethally poisoned (0 -> -6)
A: unfitting armour, talons 1, dopey 1, cold-blooded, AC +5
a: Berserk, Burn Spellbooks, Renounce Religion


You were on level 2 of the Dungeon.
You worshipped Trog.
Trog was aware of your devotion.
You were not hungry.

You visited 1 branch of the dungeon, and saw 2 of its levels.

You collected 66 gold pieces.

Notes
Turn   | Place    | Note
-------+----------+-------------------------------------------
     0 | D:1      | reaverb the Draconian Berserker began the quest for the Orb.
     0 | D:1      | Reached XP level 1. HP: 19/19 MP: 1/1
   159 | D:1      | Reached XP level 2. HP: 25/26 MP: 2/2
   711 | D:2      | Huge Dmg: 5 Dmg
   711 | D:2      | Reached skill level 4 in Maces & Flails
   735 | D:2      | Huge Dmg: 5 Dmg
   935 | D:2      | Reached XP level 3. HP: 30/31 MP: 3/3
   992 | D:2      | Huge Dmg: 7 Dmg
  1001 | D:2      | Huge Dmg: 4 Dmg
  1002 | D:2      | Huge Dmg: 2 Dmg
  1002 | D:2      | Gained mutation: You are dopey. (Int -2) [potion of mutation]
  1002 | D:2      | Gained mutation: You have sharp toenails. [potion of mutation]
  1003 | D:2      | Slain by an adder

Inventory:

Hand Weapons
 a - a +0 mace (weapon)
Scrolls
 d - 2 scrolls of remove curse {unknown}
 e - 2 scrolls of teleportation {unknown}
 g - a scroll of identify {unknown}
 h - a scroll of fog {unknown}
Comestibles
 b - 2 rations

Table legend:
 A = Turns spent in this place as a percentage of turns spent in the entire game.
 B = Non-inter-level travel turns spent in this place as a percentage of non-inter-level travel turns spent in the entire game.
 C = Inter-level travel turns spent in this place as a percentage of turns spent in this place.
 D = Turns resting spent in this place as a percentage of non-inter-level travel turns spent in this place.
 E = Turns spent auto-exploring this place as a percentage of non-inter-level travel turns spent in this place.
 F = Non-inter-level travel turns spent in this place divided by the number of levels of this place that you've seen.
                   A       B       C       D       E      F
               +-------+-------+-------+-------+-------+----------------------
         Total | 100.0 | 100.0 |   2.3 |  22.6 |  61.7 | 490.0
       Dungeon | 100.0 | 100.0 |   2.3 |  22.6 |  61.7 | 490.0
               +-------+-------+-------+-------+-------+----------------------


   Skills:
 - Level 3.2 Fighting
 + Level 4.3 Maces & Flails
 - Level 2.6 Dodging


You had 2 spell levels left.
You didn't know any spells.

Dungeon Overview and Level Annotations

Branches:
Dungeon (2/15)

Altars:


Innate Abilities, Weirdness & Mutations

Your plain brown scales are hard. (AC +5)
You cannot fit into any form of body armour.
You are cold-blooded and may be slowed by cold attacks.
You have sharp toenails.
You are dopey. (Int -2)


Message History

You are too injured to fight recklessly!
There are monsters nearby!
Huge Dmg: -22%(-7hp) hp: 59%(18hp)
You are too injured to fight recklessly!
You are too injured to fight recklessly!
You are too injured to fight recklessly!
You are too injured to fight recklessly!
You are too injured to fight recklessly!
There are monsters nearby!
You are too injured to fight recklessly!
You are too injured to fight recklessly!
You are too injured to fight recklessly!
You are too injured to fight recklessly!
You are too injured to fight recklessly!
There are monsters nearby!
You are too injured to fight recklessly!
You are too injured to fight recklessly!
You are too injured to fight recklessly!
You are too injured to fight recklessly!
You are too injured to fight recklessly!
There are monsters nearby!
You are too injured to fight recklessly!
You are too injured to fight recklessly!
You are too injured to fight recklessly!
You are too injured to fight recklessly!
You are too injured to fight recklessly!
There are monsters nearby!
You are too injured to fight recklessly!
You are too injured to fight recklessly!
You are too injured to fight recklessly!
You are too injured to fight recklessly!
You are too injured to fight recklessly!
There are monsters nearby!
You are too injured to fight recklessly!
You are too injured to fight recklessly!
You are too injured to fight recklessly!
You are too injured to fight recklessly!
You are too injured to fight recklessly!
There are monsters nearby!
You are too injured to fight recklessly!
You are too injured to fight recklessly!
You are too injured to fight recklessly!
You are too injured to fight recklessly!
You are too injured to fight recklessly!
There are monsters nearby!
You are too injured to fight recklessly!
You are too injured to fight recklessly!
You are too injured to fight recklessly!
You are too injured to fight recklessly!
You are too injured to fight recklessly!
There are monsters nearby!
You barely miss the quokka.
Your tail-slap misses the quokka.
The quokka is almost dead.
You feel sick. The adder barely misses you. The quokka closely misses you.
Damage: -4%(-1hp) hp: 55%(17hp)
You closely miss the quokka.
The quokka is almost dead.
You feel sick. The adder closely misses you. The quokka barely misses you.
The adder closely misses you. The quokka misses you.
Damage: -3%(-1hp) hp: 52%(16hp)
You hit the quokka.
You kill the quokka!
Trog accepts your kill. The adder bites you but does no damage.
You closely miss the adder.
Your tail-slap misses the adder.
You feel sick. The adder completely misses you. The adder barely misses you.
Damage: -3%(-1hp) hp: 49%(15hp)
You closely miss the adder.
The adder bites you but does no damage. x2
You closely miss the adder.
You feel sick. The adder bites you.
* * * LOW HITPOINT WARNING * * *
Damage: -7%(-2hp) hp: 42%(13hp)
You miss the adder. The adder bites you.
* * * LOW HITPOINT WARNING * * *
The adder barely misses you.
Damage: -6%(-2hp) hp: 36%(11hp)
You closely miss the adder. You tail-slap the adder!
The adder is heavily wounded.
The adder bites you but does no damage.
Unknown command.
You closely miss the adder.
The adder is heavily wounded.
You feel sick. The adder bites you.
* * * LOW HITPOINT WARNING * * *
You are lethally poisoned!
The adder poisons you! The adder bites you but does no damage.
Huge Dmg: -13%(-4hp) hp: 23%(7hp)
You hit the adder but do no damage.
The adder is heavily wounded.
* * * LOW HITPOINT WARNING * * *
You feel sick. The adder bites you.
* * * LOW HITPOINT WARNING * * *
Huge Dmg: -6%(-2hp) hp: 17%(5hp) It was a potion of mutation.
You feel extremely strange.
You feel stupid.
Your toenails lengthen and sharpen.
The adder barely misses you. The adder misses you.
It was a potion of might.
You feel very mighty all of a sudden.
* * * LOW HITPOINT WARNING * * *
You feel sick. The adder bites you.
You die...

######†##
.........# #####
.######..###....#
#.............#
...#..###.###..#
##....#.....#..#
####.#.>(..#..#
#.....†.....#
....#.....#@.#
###.#.....#†S# #
###.###..# ....
...# '##.. ##.# .
#.# .. .. ...


You could see an adder.

Table legend:
 A = Kills in this place as a percentage of kills in entire the game.
 B = Kills by you in this place as a percentage of kills by you in the entire game.
 C = Kills by friends in this place as a percentage of kills by friends in the entire game.
 D = Other kills in this place as a percentage of other kills in the entire game.
 E = Experience gained in this place as a percentage of experience gained in the entire game.
 F = Experience gained in this place divided by the number of levels of this place that you have seen.
                   A       B       C       D       E      F
               +-------+-------+-------+-------+-------+----------------------
         Total | 100.0 | 100.0 |   N/A |   N/A | 100.0 |  25.5
       Dungeon | 100.0 | 100.0 |   N/A |   N/A | 100.0 |  25.5
               +-------+-------+-------+-------+-------+----------------------

Vanquished Creatures
  An adder (D:2)
  A worm (D:2)
  A dart slug (D:1)
  2 giant cockroaches (D:1)
  2 goblins (D:1)
  2 hobgoblins
  2 quokkas (D:2)
  3 bats (D:1)
  3 frilled lizards
  2 kobolds (D:1)
  2 rats (D:2)
21 creatures vanquished.

Action                   || total
-------------------------++-------
Melee: Mace              ||    82
       Tailslap          ||     9
  Use: Potion            ||     2
Armor: Skin              ||    23
Dodge: Dodged            ||    61
